 Dungeon Crawl Stone Soup version 0.31-a0-803-g95b03c3367 (webtiles) character file.

Game seed: 17313786138023302343

19 ytrimaz the Sneak (level 2, 0/18 HPs)
             Began as an Octopode Shapeshifter on Sept 20, 2023.
             Slain by an endoplasm (2 damage)
             ... on level 2 of the Dungeon.
             The game lasted 00:00:56 (1204 turns).

ytrimaz the Sneak (Octopode Shapeshifter)           Turns: 1204, Time: 00:00:56

Health: 0/18       AC:  1    Str: 13    XL:     2   Next: 75%
Magic:  2/2        EV: 13    Int: 12    God:
Gold:   68         SH:  0    Dex: 11    Spells: 1/1 levels left

rFire   . .          .
                       - Unarmed
rCold   . . .        (no shield)
rNeg    . . .        (helmet currently unavailable)
rPois   .            (no amulet)
rElec   .            (no ring)
rCorr   .            (no ring)
SInv    .            (no ring)
Will    .....        (no ring)
Stlth   +++          (no ring)
HPRegen 0.23/turn    (no ring)
MPRegen 0.08/turn    (no ring)
                     (no ring)

%: no passive effects
@: beast-form
A: beast (slay +1), almost no armour, amphibious, 8 rings, camouflage 1,
gelatinous body 1, (nimble swimmer 1), tentacles
a: Begin Untransformation


You were on level 2 of the Dungeon.
You were a hulking beast.
You visited 1 branch of the dungeon, and saw 2 of its levels.

You collected 68 gold pieces.


Innate Abilities, Weirdness & Mutations

You are a hulking beast.
Your limbs bulge with bestial killing power. (Slay +1)
You cannot wear most types of armour.
You are amphibious.
You can wear up to eight rings at the same time.
Your skin changes colour to match your surroundings (Stealth+).
Your rubbery body absorbs attacks. (AC +1, EV +1)
((You are camouflaged when in or above water. (Stealth+)))
You have tentacles for arms and can constrict up to eight enemies at once.


   Skills:
 - Level 1.0 Fighting
 - Level 2.0 Dodging
 + Level 3.4 Stealth
 - Level 3.0 Unarmed Combat
 - Level 3.0 Shapeshifting


You had one spell level left.
You didn't know any spells.
Your spell library contained the following spells:

 Spells                   Type           Power      Damage    Failure   Level
 Slow                     Hex            0%         N/A       32%         1
 Confusing Touch          Hex            0%         N/A       69%         3
 Sigil of Binding         Hex            0%         N/A       69%         3
 Vampiric Draining        Necr           0%         2d6       69%         3

Inventory:

Talismans
 b - a beast talisman (active)
 c - a flux talisman
 d - a maw talisman
   (You found it on level 1 of the Dungeon)
Scrolls
 h - a scroll of amnesia
Potions
 a - 3 potions of lignification
 e - 2 potions of curing
 f - a potion of invisibility {unknown}
 g - a potion of might

Dungeon Overview and Level Annotations

Branches:
Dungeon (2/15) Zot: 10797

Altars:

..#.# ..#. .... #..## ....
#..# #hJ# #hh# #..#
#..#... #..#...#
###..#...# #....#...#
####+# #....#...# #....#
#....#...#
#....#####....#...########


You could see an endoplasm and 2 jackals.


Message History

A hobgoblin comes into view. 😎 HP[+2]
Your hp is fully restored (18).
A hobgoblin is nearby!
A hobgoblin is nearby!
A hobgoblin is nearby!
A hobgoblin is nearby!
The helpless hobgoblin fails to defend itself.
You tentacle-slap the hobgoblin. You grab the hobgoblin.
You constrict the hobgoblin. You bludgeon the hobgoblin!
You kill the hobgoblin!
Unknown command.
An endoplasm comes into view.
An endoplasm is nearby!
An endoplasm is nearby!
An endoplasm is nearby!
An endoplasm is nearby!
The endoplasm quivers.
You tentacle-slap the endoplasm but do no damage.
You tentacle-slap the endoplasm. The endoplasm freezes you.
You are frozen. 😕 HP[-1]
You take 1 damage, and now have 17/18 hp.
You tentacle-slap the endoplasm.
You kill the endoplasm!
No target in view! 😎 HP[+1]
Your hp is fully restored (18).
You open the door.
There is an open door here.
You open the door.
There is an open door here.
Key pressed, stopping explore.
You open the door.
There is an open door here.
Key pressed, stopping explore.
You open the door.
There is an open door here.
You open the door.
There is an open door here.
You open the door.
There is an open door here.
Key pressed, stopping explore.
A jackal comes into view.
A jackal is nearby!
A jackal is nearby!
A jackal is nearby!
A jackal is nearby!
A jackal is nearby!
A jackal is nearby!
A jackal is nearby!
A jackal is nearby!
A jackal is nearby!
A jackal comes into view.
A jackal comes into view.
The jackal barks!
You barely miss the jackal.
The jackal barks! x2
Your grab misses the jackal. The jackal misses you.
An endoplasm comes into view.
You barely miss the jackal. Your grab misses the jackal. The jackal misses you.
The jackal barely misses you.
Unknown command.
You miss the jackal. You grab the jackal. You constrict the jackal.
The jackal barely misses you. The jackal bites you. 😕 HP[-1]
You take 1 damage, and now have 17/18 hp.
You tentacle-slap the jackal.
You kill the jackal!
The jackal bites you. The endoplasm freezes you.
You are frozen.
* * * LOW HITPOINT WARNING * * *
😨 HP[-8]
You take 8 damage, and now have 9/18 hp.
MASSIVE DAMAGE!! (PAUSE)
You are too injured to fight recklessly!
Unknown command.
You are too injured to fight recklessly!
You tentacle-slap the jackal. Your grab misses the jackal.
The jackal barely misses you.
The jackal bites you but does no damage.
The endoplasm freezes you.
You are frozen.
* * * LOW HITPOINT WARNING * * *
The jackal bites you.
* * * LOW HITPOINT WARNING * * *
Unknown command. 😨 HP[-3]
You take 3 damage, and now have 6/18 hp.
You barely miss the jackal. You grab the jackal.
You constrict the jackal, but do no damage.
The jackal bites you.
* * * LOW HITPOINT WARNING * * *
The jackal bites you.
* * * LOW HITPOINT WARNING * * *
The endoplasm hits you.
You die...

Skill      XL: |  1  2 |
---------------+-------+-----
Stealth        | 2 3 |  3.4
Fighting       | |  1.0
Dodging        | |  2.0
Unarmed Combat | |  3.0
Shapeshifting  | |  3.0

Action                     || total
---------------------------++-------
  Melee: Unarmed           ||    35
         Constrict         ||     8
         Tentacles         ||     4
         Punch             ||     1
    Use: Scroll            ||     3
   Stab: Sleeping          ||     3
 Armour: Skin              ||    16
  Dodge: Dodged            ||    15

Levels and vault maps discovered:
D:1:      dpeg_arrival_water_fire, layout_basic,
          shapermc_ecumenical_altar_flowoftime, minmay_split_cup_small
D:2:      layout_basic, minmay_misc_feat_encased, nicolae_elevator_lobby_plus,
          uniq_crazy_yiuf_cottage

Notes
Turn   | Place    | Note
-------+----------+-------------------------------------------
     0 | D:1      | ytrimaz the Octopode Shapeshifter began the quest for the
                  | Orb.
     0 | D:1      | Reached XP level 1. HP: 13/13 MP: 1/1
     0 | D:1      | magus.rc [v1.9.6]
   174 | D:1      | Reached skill level 1 in Stealth
   423 | D:1      | Reached skill level 2 in Stealth
   424 | D:1      | Reached XP level 2. HP: 14/18 MP: 2/2
   525 | D:1      | Found a faded altar of an unknown god.
   527 | D:1      | You pick up a book of Debilitation and begin reading...
   527 | D:1      | You add the spells Slow, Sigil of Binding, Vampiric
                  | Draining and Confusing Touch to your library.
   726 | D:1      | Reached skill level 3 in Stealth
  1204 | D:2      | HP: 2/18 [jackal (3)]
  1204 | D:2      | Slain by an endoplasm

Vanquished Creatures
  A ball python (D:1)
  A bat (D:1)
  4 endoplasms
  A giant cockroach (D:1)
  A goblin (D:1)
  2 hobgoblins
  A jackal (D:2)
  A kobold (D:1)
  2 frilled lizards (D:1)
  2 rats (D:1)
16 creatures vanquished.

Table legend:
 A = Non-vault XP
 B = Vault XP
 C = Vault XP percentage of total XP
 D = Non-vault monster count
 E = Vault monster count
 F = Vault count percentage of total count
                 A         B        C        D         E       F
            +---------+---------+-------+---------+---------+-------
      Total |      23 |       5 |  17.9 |      13 |       3 |  18.8
            +---------+---------+-------+---------+---------+-------
        D:1 |      15 |       5 |  25.0 |       9 |       3 |  25.0
        D:2 |       8 |       0 |   0.0 |       4 |       0 |   0.0
            +---------+---------+-------+---------+---------+-------

Skill      XL: |  1  2 |
---------------+-------+-----
Stealth        | 2 3 |  3.4
Fighting       | |  1.0
Dodging        | |  2.0
Unarmed Combat | |  3.0
Shapeshifting  | |  3.0

Action                     || total
---------------------------++-------
  Melee: Unarmed           ||    35
         Constrict         ||     8
         Tentacles         ||     4
         Punch             ||     1
    Use: Scroll            ||     3
   Stab: Sleeping          ||     3
 Armour: Skin              ||    16
  Dodge: Dodged            ||    15

Illustrated notes

Table legend:
 A = Kills in this place as a percentage of kills in the entire game.
 B = Kills by you in this place as a percentage of kills by you in the entire game.
 C = Kills by friends in this place as a percentage of kills by friends in the entire game.
 D = Other kills in this place as a percentage of other kills in the entire game.
 E = Experience gained in this place as a percentage of experience gained in the entire game.
 F = Experience gained in this place divided by the number of levels of this place that you have seen.
                   A       B       C       D       E      F
               +-------+-------+-------+-------+-------+----------------------
         Total | 100.0 | 100.0 |   N/A |   N/A | 100.0 |  14.0
       Dungeon | 100.0 | 100.0 |   N/A |   N/A | 100.0 |  14.0
               +-------+-------+-------+-------+-------+----------------------

Table legend: (Time is in decaauts)
 A = Elapsed time spent in this place.
 B = Non-inter-level travel time spent in this place.
 C = Inter-level travel time spent in this place.
 D = Time resting spent in this place.
 E = Time spent auto-exploring this place.
 F = Levels seen in this place.
 G = Mean time per level.
                   A        B        C        D        E       F      G
               +--------+--------+--------+--------+--------+-----+--------+
         Total |   1201 |   1182 |     19 |      0 |   1046 |   2 |  600.5 |
       Dungeon |   1201 |   1182 |     19 |      0 |   1046 |   2 |  600.5 |
               +--------+--------+--------+--------+--------+-----+--------+

Top non-repeatable levels by time:
     D:1: 989 daAuts
     D:2: 212 daAuts
